 Dungeon Crawl Stone Soup version 0.21.1-1-g345015fe64 (webtiles) character file.

5040 Gargoyl the Envoy of Void (level 10, -17/83 HPs)
             Began as a Centaur Abyssal Knight on July 12, 2018.
             Was a High Priest of Lugonu.
             Demolished by Erolcha
             ... wielding a +0 giant spiked club
              (26 damage)
             ... on level 9 of the Dungeon.
             The game lasted 00:20:10 (10046 turns).

Gargoyl the Envoy of Void (Centaur Abyssal Knight) Turns: 10046, Time: 00:20:11

Health: -17/83     AC: 15    Str: 17    XL:     10   Next: 30%
Magic:  15/15      EV:  5    Int: 11    God:    Lugonu [*****.]
Gold:   285        SH:  3    Dex: 10    Spells: 9/9 levels left

rFire    + . .     SeeInvis .   q - +4 hand axe (chop)
rCold    . . .     Gourm    .   C - +0 buckler
rNeg     . . .     Faith    .   h - +0 chain mail
rPois    .         Spirit   .   n - +1 helmet
rElec    .         Reflect  .   d - scarf {repulsion}
rCorr    .         Harm     .   o - +2 pair of gloves
MR       +....                  (no barding)
Stlth    ..........             (no amulet)
HPRegen  0.23/turn              l - ring of protection from fire
MPRegen  0.14/turn              B - ring of protection from magic

@: repel missiles, very quick
A: large, hooves 3, deformed body, speed 2, tough skin 3
a: Depart the Abyss, Bend Space, Banish, Corrupt, Enter the Abyss, Renounce
Religion


You were on level 9 of the Dungeon.
You worshipped Lugonu.
Lugonu was extremely pleased with you.
You were not hungry.

You visited 1 branch of the dungeon, and saw 9 of its levels.
You visited the Abyss 1 time.

You collected 514 gold pieces.
You spent 229 gold pieces at shops.

Inventory:

Hand Weapons
 a - a +1 hand axe
 q - a +4 hand axe of chopping (weapon)
 F - a +0 broad axe
Armour
 d - a scarf of repulsion (worn)
 h - a +0 chain mail (worn)
 n - a +1 helmet (worn)
 o - a +2 pair of gloves (worn)
 C - a +0 buckler (worn)
Jewellery
 l - a ring of protection from fire (left hand)
 y - an uncursed ring of protection from fire
 B - a ring of protection from magic (right hand)
 E - a cursed ring of loudness {unknown}
Wands
 i - a wand of flame (32)
 u - a wand of acid (12)
 A - a wand of enslavement (8)
Scrolls
 b - 2 scrolls of fog
 k - 3 scrolls of fear
 p - 3 scrolls of identify
 w - 2 scrolls of magic mapping
 x - a scroll of amnesia
 D - a scroll of remove curse
Potions
 e - a potion of cancellation
 f - 2 potions of invisibility
 g - 3 potions of curing
 j - a potion of might
 m - 2 potions of flight
 s - a potion of heal wounds
 t - 2 potions of berserk rage {unknown}
 v - a potion of magic {unknown}
 z - a potion of resistance {unknown}
Books
 r - a book of Necromancy

   Spells                             Type                      Level
   a - Pain                           Necromancy                   1
   b - Animate Skeleton               Necromancy                   1
   c - Vampiric Draining              Necromancy                   3
   d - Regeneration                   Charms/Necromancy            3
   e - Animate Dead                   Necromancy                   4
   f - Borgnjor's Vile Clutch         Necromancy/Earth             5
Comestibles
 c - 6 rations


   Skills:
 + Level 6.2 Fighting
 + Level 7.5 Axes
 * Level 6.8 Armour
 + Level 2.1 Dodging
 + Level 1.3 Shields
 * Level 7.7 Invocations
 + Level 1.2 Evocations


You had 9 spell levels left.
You didn't know any spells.

Dungeon Overview and Level Annotations

Branches:
Dungeon (9/15)             Temple (0/1) D:7
   Lair: D:8-11         Orc: D:9-12

Altars:
Dithmenos
Kikubaaqudgha
Makhleb
Okawaru
Ru
Trog
Uskayaw
Vehumet
Yredelemnul
Zin

Shops:
D:6 }   D:7 [   D:9 (

Annotations:
D:9 Erolcha


Innate Abilities, Weirdness & Mutations

You have hooves in place of feet.
Armour fits poorly on your strangely shaped body.
You cover ground very quickly.
You have extremely tough skin. (AC +3)


Message History

Ouch! That really hurt!
* * * LOW HITPOINT WARNING * * *
The howler monkey hits you but does no damage.
Erolcha hits you but does no damage.
Unknown command.
You closely miss the howler monkey.
The howler monkey is almost dead.
You hit Erolcha.
The howler monkey hits you but does no damage.
You closely miss the howler monkey. Your kick misses the howler monkey.
The howler monkey is almost dead.
You hit Erolcha. Erolcha closely misses you.
The howler monkey hits you but does no damage.
Erolcha completely misses you.
You hit the howler monkey.
You kill the howler monkey!
Lugonu accepts your kill.
Your chain mail prevents you from hitting Erolcha.
Erolcha hits you with a giant spiked club!!
You die...

.........S.
.........
#......K
##...K..
###....K.
.....KKK#
.....Knh##
......#OS#
...## ##@#
. #.##
##.## #..#
.# ##.##
..## #..##
...# #...#
#..###...#
.#
#.......#


You could see Erolcha, a big kobold, a necrophage, a howler monkey, an adder and
5 kobolds.

Vanquished Creatures
  A two-headed ogre (D:9)
  Sigmund (D:6)
  A wyvern (D:8)
  3 hungry ghosts
  Edmund (D:5)
  2 sky beasts
  An orc warrior (D:7)
  6 ogres
  4 centaurs
  The ghost of patthesweetcat the Firebug, an amateur OpFE (D:3)
  Blork the orc (D:6)
  2 big kobolds
  A bullfrog (D:8)
  2 scorpions
  5 killer bees (D:9)
  7 howler monkeys
  A vampire bat (D:3)
  4 crimson imps
  A centaur zombie (D:7)
  2 hounds (D:9)
  2 jellies
  5 orc priests
  2 centaur skeletons
  Jessica (D:3)
  4 orc wizards
  2 worker ants
  A hound zombie (D:8)
  A hound skeleton (D:6)
  3 adders
  A shadow imp (D:9)
  An ooze (D:1)
  2 adder zombies
  2 adder skeletons (D:8)
  5 worms
  3 dart slugs
  3 fire bats (D:3)
  8 leopard geckos
  30 orcs
  2 spectral bats (D:3)
  13 bats
  3 bat skeletons (D:3)
  A bat zombie (D:3)
  13 giant cockroaches
  8 goblins
  10 hobgoblins
  13 jackals
  15 kobolds
  6 quokkas
  4 ball pythons
  A bat simulacrum (D:3)
  6 frilled lizards
  A giant cockroach zombie (D:5)
  A leopard gecko zombie (D:6)
  A quokka skeleton (D:5)
  11 rats
232 creatures vanquished.

Vanquished Creatures (others)
  A two-headed ogre (D:9)
  A troll (D:9)
  2 orc warriors
  An orc priest (D:4)
5 creatures vanquished.

Grand Total: 237 creatures vanquished

Notes
Turn   | Place    | Note
-------+----------+-------------------------------------------
     0 | Abyss:1  | Gargoyl the Centaur Abyssal Knight began the quest for the Orb.
     0 | Abyss:1  | Reached XP level 1. HP: 19/19 MP: 2/2
    16 | Abyss:1  | Found a corrupted altar of Lugonu.
    51 | Abyss:1  | Noticed an efreet
   127 | Abyss:1  | Noticed a small abomination
   140 | D:1      | Escaped the Abyss
   292 | D:1      | Reached XP level 2. HP: 21/26 MP: 3/3
   360 | D:1      | Reached * piety under Lugonu
   702 | D:1      | Reached XP level 3. HP: 29/31 MP: 4/4
   787 | D:1      | You fall through a shaft!
  1006 | D:2      | Found a burning altar of Makhleb.
  1024 | D:2      | Reached XP level 4. HP: 27/38 MP: 5/5
  1319 | D:2      | Reached ** piety under Lugonu
  1325 | D:2      | Reached skill level 1 in Dodging
  2075 | D:3      | Noticed Jessica
  2085 | D:3      | Killed Jessica
  2106 | D:3      | Reached XP level 5. HP: 45/45 MP: 7/7
  2201 | D:3      | Noticed patthesweetcat's ghost (amateur OpFE)
  2216 | D:3      | Killed patthesweetcat's ghost
  2375 | D:3      | Reached *** piety under Lugonu
  2393 | D:3      | Reached XP level 6. HP: 19/52 MP: 8/8
  3659 | D:4      | Reached XP level 7. HP: 19/59 MP: 10/10
  4240 | D:4      | Found a sacrificial altar of Ru.
  4279 | D:4      | Reached **** piety under Lugonu
  4667 | D:5      | Entered Level 5 of the Dungeon
  4969 | D:5      | Noticed Edmund
  4999 | D:5      | Killed Edmund
  5186 | D:5      | Found an ancient bone altar of Kikubaaqudgha.
  5559 | D:6      | Reached skill level 5 in Axes
  5559 | D:6      | Reached XP level 8. HP: 64/67 MP: 11/11
  5633 | D:6      | Noticed Blork the orc
  5635 | D:6      | Found Ekiejar's Gadget Shoppe.
  5644 | D:6      | Killed Blork the orc
  5736 | D:6      | Reached skill level 5 in Invocations
  6056 | D:6      | Noticed Sigmund
  6060 | D:6      | Killed Sigmund
  6860 | D:7      | Found Renex's Armour Shop.
  6883 | D:7      | Bought a +1 hat for 165 gold pieces
  6951 | D:7      | Found a staircase to the Ecumenical Temple.
  7029 | D:7      | Reached skill level 5 in Armour
  7160 | D:7      | Reached skill level 5 in Fighting
  7361 | D:7      | Reached skill level 1 in Evocations
  7361 | D:7      | Reached XP level 9. HP: 64/74 MP: 13/13
  7743 | D:8      | Reached ***** piety under Lugonu
  8981 | D:9      | Reached skill level 1 in Shields
  9243 | D:9      | Noticed a two-headed ogre
  9252 | D:9      | Banished a two-headed ogre
  9253 | D:9      | Noticed a troll
  9265 | D:9      | Banished a troll
  9265 | D:9      | Reached XP level 10. HP: 9/83 MP: 11/15
  9590 | D:9      | Found an iron altar of Okawaru.
  9591 | D:9      | Found a hide-covered altar of Uskayaw.
  9601 | D:9      | Found a bloodstained altar of Trog.
  9612 | D:9      | Found a shadowy altar of Dithmenos.
  9627 | D:9      | Found a radiant altar of Vehumet.
  9632 | D:9      | Found a basalt altar of Yredelemnul.
  9639 | D:9      | Found a glowing silver altar of Zin.
  9923 | D:9      | Found Xunoesk's Weapon Shoppe.
  9927 | D:9      | Bought a +0 broad axe for 64 gold pieces
 10005 | D:9      | Noticed a two-headed ogre
 10009 | D:9      | Killed a two-headed ogre
 10029 | D:9      | Noticed Erolcha
 10046 | D:9      | Demolished by Erolcha

Skill      XL: |  1  2  3  4  5  6  7  8  9 10 |
---------------+-------------------------------+-----
Axes           | 2 3 4 5 6 7 |  7.5
Armour         | 2 3 4 5 6 |  6.8
Dodging        | 1 2 |  2.1
Invocations    | 3 4 5 7 |  7.7
Fighting       | 4 5 6 |  6.2
Evocations     | 1 |  1.2
Shields        | 1 |  1.3

Action                   |  1- 3 |  4- 6 |  7- 9 | 10-12 || total
-------------------------+-------+-------+-------+-------++-------
Melee: Hand axe          |    86 |   261 |   362 |    52 ||   761
       Kick              |    12 |    51 |    84 |    10 ||   157
Invok: Depart the Abyss  |     1 |       |       |       ||     1
       Banish            |       |       |     2 |     2 ||     4
       Bend Space        |       |       |     2 |       ||     2
Evoke: Wand              |       |     3 |    16 |     3 ||    22
  Use: Potion            |     1 |       |     6 |       ||     7
       Scroll            |       |     4 |    11 |     1 ||    16
  Eat: Chunk             |       |     7 |     9 |     5 ||    21
       Ration            |       |       |     4 |       ||     4
Armor: Ring mail         |    46 |     2 |       |       ||    48
       Chain mail        |       |   279 |   224 |    39 ||   542
Dodge: Dodged            |    58 |    73 |    72 |    18 ||   221
       Deflected         |     3 |     3 |    11 |       ||    17
Block: Buckler           |       |       |    35 |     5 ||    40
